 Dungeon Crawl Stone Soup version 0.27.1-15-g792fb953b9 (webtiles) character file.

Game seed: 6378764519137470022

71462 zeram the Peltast (level 15, -24/126 HPs)
             Began as a Hill Orc Fighter on Nov 19, 2021.
             Was the Champion of Qazlal.
             Annihilated by a rockslime (31 damage)
             ... while paralysed by a great orb of eyes
             ... on level 2 of the Pits of Slime.
             The game lasted 00:54:24 (20110 turns).

zeram the Peltast (Hill Orc Fighter)               Turns: 20110, Time: 00:54:24

Health: -24/126    AC: 37    Str: 28    XL:     15   Next: 36%
Magic:  15/15      EV:  2    Int: 12    God:    Qazlal [******]
Gold:   387        SH:  0    Dex: 17    Spells: 14/14 levels left

rFire    . . .     SeeInvis .   A - +8 mace "Sosyoxuq" {vorpal, Drain rC+++ Will+ Dex+3}
rCold    + + +     Faith    .   f - +18 shield of the Gong {rElec rN+ Will+ EV-5}
rNeg     + + .     Spirit   .   c - +7 crystal plate armour "Aloatt" {Rampage rPois Int+4}
rPois    +         Reflect  +   (no helmet)
rElec    +         Harm     .   z - +2 cloak {rCorr}
rCorr    +         Rampage  +   l - +1 pair of gloves
Will     +++..                  (no boots)
Stlth    ..........             L - amulet "Feenile" {Reflect rCorr Str+2 Dex+4 SH+5}
HPRegen  0.31/turn              i - ring of positive energy
MPRegen  0.14/turn              y - ring of Egomania {Fly Stlth+}

@: paralysed, mighty, protected from physical damage, flying, hasted, repel
missiles
A: no striking features
a: Renounce Religion, Upheaval, Elemental Force, Disaster Area


You were on level 2 of the Pits of Slime.
You worshipped Qazlal.
Qazlal was exalted by your worship.
You visited 5 branches of the dungeon, and saw 21 of its levels.

You collected 1731 gold pieces.
You spent 1344 gold pieces at shops.

Inventory:

Hand Weapons
 a - a +0 war axe of draining
 t - a +2 eveningstar of protection
 A - the +8 mace "Sosyoxuq" (weapon) {vorpal, Drain rC+++ Will+ Dex+3}
   (You found it on level 6 of the Dungeon)

   It inflicts extra damage upon your enemies.
   Dex:       It affects your dexterity (+3).
   rC:        It renders you almost immune to cold.
   Drain:     It drains your maximum health when unequipped.
   Will:      It increases your willpower.
Missiles
 k - a throwing net (quivered)
Armour
 b - a +0 scale mail
 c - the +7 crystal plate armour "Aloatt" (worn) {Rampage rPois Int+4}
   (You acquired it on level 6 of the Dungeon)

   Int:       It affects your intelligence (+4).
   rPois:     It protects you from poison.
   Rampage:   It bestows one free step when moving towards enemies.
 f - the +18 shield of the Gong (worn) {rElec rN+ Will+ EV-5}
   (You found it on level 5 of the Dungeon)

   It is deafeningly noisy when blocking attacks.
   EV:        It affects your evasion (-5).
   rElec:     It insulates you from electricity.
   rN:        It protects you from negative energy.
   Will:      It increases your willpower.
 l - a +1 pair of gloves (worn)
 z - a +2 cloak of preservation (worn)
Jewellery
 d - an amulet of regeneration
 i - a ring of positive energy (left hand)
 r - a ring of flight
 y - the ring of Egomania (right hand) {Fly Stlth+}
   (You took it off a kobold demonologist on level 7 of the Dungeon)

   [ring of flight]

   Fly:       It grants you flight.
   Stlth:     It makes you more stealthy.
 B - a ring of ice
 G - a ring of ice
 H - an amulet of reflection
 L - the amulet "Feenile" (around neck) {Reflect rCorr Str+2 Dex+4 SH+5}
   (You bought it in a shop on level 1 of the Orcish Mines)

   [amulet of reflection]

   It reflects blocked missile attacks.
   Str:       It affects your strength (+2).
   Dex:       It affects your dexterity (+4).
   rCorr:     It protects you from acid and corrosion.
   SH:        It affects your SH (+5).
 M - an amulet of the acrobat
 O - a ring of protection from fire
 T - a +6 ring of dexterity
Wands
 h - a wand of mindburst (11)
 q - a wand of polymorph (27)
 s - a wand of charming (6)
 u - a wand of paralysis (12)
 v - a wand of acid (11)
 R - a wand of flame (23)
 S - a wand of digging (10)
Scrolls
 m - 8 scrolls of teleportation
 n - 2 scrolls of fog
 x - a scroll of holy word
 C - a scroll of enchant armour
 D - a scroll of amnesia
 I - 3 scrolls of fear
 N - 4 scrolls of identify
Potions
 e - a potion of haste
 g - a potion of cancellation
 j - 4 potions of flight
 o - 2 potions of magic
 p - 2 potions of attraction
 w - 2 potions of lignification
 J - 2 potions of curing
 K - a potion of mutation
Miscellaneous
 F - a lightning rod (4/4)


   Skills:
 + Level 10.2 Fighting
 - Level 10.1(14.3) Axes
 + Level 14.0(14.8) Maces & Flails
 + Level 11.3 Armour
 + Level 18.9 Shields


You had 14 spell levels left.
You didn't know any spells.
Your spell library contained the following spells:

 Spells                   Type           Power      Damage    Failure   Level
 Summon Guardian Golem    Hex/Summ       0%         N/A       100%        3
 Summon Ice Beast         Ice/Summ       0%         N/A       100%        4
 Summon Mana Viper        Hex/Summ       0%         N/A       100%        5
 Monstrous Menagerie      Summ           0%         N/A       100%        7
 Orb of Destruction       Conj           0%         N/A       100%        7
 Spellforged Servitor     Conj/Summ      0%         N/A       100%        7


Dungeon Overview and Level Annotations

Branches:
Dungeon (11/15)            Temple (1/1) D:4            Lair (6/6) D:8
  Slime (2/5) Lair:5          Orc (2/2) D:10            Elf (0/3) Orc:2
  Swamp: Lair:2-4    Shoals: Lair:2-4     Snake: Lair:2-4    Spider: Lair:2-4

Altars:
Ashenzari
Cheibriados
Dithmenos
Elyvilon
Fedhas
Gozag
Hepliaklqana
Kikubaaqudgha
Makhleb
Nemelex Xobeh
Okawaru
Qazlal
Ru
Sif Muna
Trog
Uskayaw
Vehumet
Wu Jian
Xom
Yredelemnul
Zin
The Shining One
Beogh

Shops:
D:8 ?   D:9 !   Orc:1 =*   Orc:2 :[*:(

Annotations:
D:7 2 transporters, porpoise's ghost, novice DECj
D:8 1 runed translucent door


Message History

As you read the scroll of blinking, it crumbles to dust.
You block the acid blob's attack.
BOUMMMMG!
You feel better. You block the rockslime's attack.
BONNNG!
The slime creature is engulfed in blazing flames.
You block the slime creature's attack.
SHROANNG!
You block the acid blob's attack.
BOUMMMMG!
The acid blob spits acid at you.
The splash of acid reflects off an invisible shield around you!
GONNNNG!
The splash of acid hits the acid blob.
The acid blob completely resists.
There is a stone staircase leading down, spattered with blood here.
You can't go up here!
You block the rockslime's attack.
PTOANNNG!
The acid blob is struck by lightning.
You fly downwards.
The great orb of eyes turns its gaze towards you.
There is a stone staircase leading up here.
You hit the rockslime but do no damage.
The rockslime is moderately wounded.
You block the rockslime's attack.
GONNNNG!
Unknown command.
You feel yourself speed up. You block the rockslime's attack.
GONNNNG!
You hit the rockslime.
The rockslime is moderately wounded.
You block the rockslime's attack.
GONNNNG!
The great orb of eyes gazes at you.
You suddenly lose the ability to move!
The rockslime hits you!!
* * * LOW HITPOINT WARNING * * *
You are shoved backwards!
The rockslime hits you!!
You die...

#.........>......
................#.
.................
................#
.........#....#.##
#........§..##...#
.........°..#.#..##
......§@J○○.......##
......○°°°.........##
#...#..§............#
##...#....G.#.....#..##
#.#......###...## ..#
#.........#.....#..##
....................#
##............<......#
..................#


You could see a great orb of eyes and a rockslime.

Vanquished Creatures
  3 acid blobs
  An azure jelly (Lair:5)
  Donald (D:10)
  An orc warlord (Orc:1)
  2 quicksilver oozes (Slime:1)
  A great orb of eyes (Slime:1)
  3 boulder beetles
  9 hydras
  2 catoblepae (Lair:6)
  10 death yaks
  A two-headed ogre (D:7)
  A deep troll shaman (Lair:6)
  2 orc high priests
  Urug (Orc:2)
  2 orc knights
  3 orc sorcerers
  An ugly thing (D:6)
  2 cyclopes
  12 elephants
  13 cane toads
  2 black mambas
  An eye of devastation (Slime:1)
  A gargoyle (D:7)
  5 komodo dragons
  6 rime drakes
  An unseen horror (D:7)
  A kobold demonologist (D:7)
  5 trolls
  A polar bear (Lair:4)
  Grinder (D:6)
  18 slime creatures
  9 blink frogs
  4 dream sheep (Lair:6)
  5 wraiths (D:8)
  3 wyverns (Lair:4)
  30 yaks
  A fire bat (D:8)
  A steam dragon (D:8)
  3 basilisks (Lair:5)
  A vampire (D:7)
  A vampire mosquito (D:7)
  14 water moccasins
  An acid dragon (D:10)
  26 orc warriors
  An ice beast (D:8)
  A necrophage (D:6)
  A sky beast (D:6)
  5 black bears
  8 ogres
  3 centaurs
  25 wolves
  5 phantoms
  2 kobold brigands
  A wyvern zombie (D:7)
  11 bullfrogs
  2 scorpions (D:4)
  A water moccasin zombie (D:7)
  A wyvern skeleton (D:7)
  A water moccasin skeleton (D:5)
  4 howler monkeys (D:9)
  2 electric eels (D:9)
  3 bullfrog zombies
  3 centaur zombies
  3 hounds
  4 jellies
  8 orc priests
  4 iguanas
  A bullfrog skeleton (D:5)
  2 centaur skeletons
  19 orc wizards
  4 hell rats (Lair:4)
  A killer bee zombie (D:9)
  2 howler monkey zombies
  3 gnolls (D:5)
  A howler monkey skeleton (D:6)
  8 adders
  3 shadow imps
  2 white imps
  3 worms
  A dart slug (D:2)
  71 orcs
  2 bat skeletons (D:7)
  3 bat zombies (D:7)
  An endoplasm (D:3)
  4 giant cockroaches
  10 goblins
  7 hobgoblins
  14 kobolds
  2 quokkas
  4 ball pythons (D:2)
  15 bats
  7 frilled lizards
  5 rats
506 creatures vanquished.

Vanquished Creatures (others)
  A death yak (Lair:6)
  A bush (Lair:6)
  18 fungi
  31 plants
51 creatures vanquished.

Grand Total: 557 creatures vanquished

Notes
Turn   | Place    | Note
-------+----------+-------------------------------------------
     0 | D:1      | zeram the Hill Orc Fighter began the quest for the Orb.
     0 | D:1      | Reached XP level 1. HP: 19/19 MP: 1/1
   221 | D:1      | Reached XP level 2. HP: 26/26 MP: 2/2
   482 | D:1      | Found a faded altar of an unknown god.
   610 | D:2      | Reached XP level 3. HP: 24/31 MP: 3/3
  1002 | D:2      | Reached skill level 4 in Shields
  1082 | D:2      | Found a burning altar of Makhleb.
  1164 | D:2      | Reached XP level 4. HP: 35/39 MP: 4/4
  2095 | D:3      | Reached XP level 5. HP: 25/45 MP: 5/5
  2279 | D:3      | Noticed a phantom
  2292 | D:3      | Killed a phantom
  2293 | D:3      | Reached skill level 5 in Axes
  2688 | D:4      | Reached skill level 5 in Shields
  2688 | D:4      | Reached XP level 6. HP: 27/51 MP: 6/6
  3015 | D:4      | Found a staircase to the Ecumenical Temple.
  3027 | Temple   | Entered the Ecumenical Temple
  3088 | Temple   | Became a worshipper of Qazlal Stormbringer
  3498 | D:4      | Reached skill level 5 in Armour
  3862 | D:5      | Entered Level 5 of the Dungeon
  3874 | D:5      | Reached XP level 7. HP: 48/57 MP: 7/7
  3946 | D:5      | HP: 1/57 [scorpion (7)]
  4476 | D:5      | Reached skill level 6 in Shields
  4648 | D:5      | Found the +18 shield of the Gong {rElec rN+ Will+ EV-5}
  4678 | D:5      | Found an opulent altar of Gozag.
  4874 | D:5      | Reached XP level 8. HP: 60/64 MP: 8/8
  5031 | D:6      | Found a radiant altar of Vehumet.
  5112 | D:6      | Noticed Grinder
  5132 | D:6      | Paralysed by Grinder for 5 turns
  5139 | D:6      | Killed Grinder
  5224 | D:6      | Reached * piety under Qazlal
  5306 | D:6      | Found a broken altar of Ashenzari.
  5310 | D:6      | Saw a vision of the Shoals and the Snake Pit.
  5310 | D:6      | Noticed a merfolk
  5310 | D:6      | Noticed a merfolk
  5310 | D:6      | Noticed a wind drake
  5310 | D:6      | Noticed a sea snake
  5310 | D:6      | Noticed a wind drake
  5310 | D:6      | Noticed a merfolk siren
  5310 | D:6      | Noticed a merfolk
  5310 | D:6      | Noticed a sea snake
  5310 | D:6      | Noticed a naga mage
  5310 | D:6      | Noticed a black mamba
  5310 | D:6      | Noticed a black mamba
  5310 | D:6      | Noticed a salamander
  5310 | D:6      | Noticed a guardian serpent
  5310 | D:6      | Noticed a black mamba
  5311 | D:6      | Noticed a merfolk
  5365 | D:6      | Reached skill level 7 in Shields
  5841 | D:6      | Identified the +8 mace "Sosyoxuq" {vorpal, Drain rC+++
                  | Will+ Dex+3}
  5846 | D:6      | Reached skill level 10 in Axes
  5846 | D:6      | Reached XP level 9. HP: 69/70 MP: 9/9
  5851 | D:6      | Identified a scroll of acquirement
  5851 | D:6      | Acquired the +7 crystal plate armour "Aloatt" {Rampage
                  | rPois Int+4}
  5879 | D:6      | Found a white marble altar of Elyvilon.
  5879 | D:6      | Found a shadowy altar of Dithmenos.
  6229 | D:7      | Reached skill level 8 in Shields
  6236 | D:7      | Reached skill level 1 in Maces & Flails
  6264 | D:7      | Noticed a boulder beetle
  6265 | D:7      | Identified the +1 robe of Moral Flaws {rF+ Dex+2}
  6273 | D:7      | Noticed a brown ugly thing
  6276 | D:7      | Noticed a boulder beetle
  6277 | D:7      | Noticed a cyclops
  6340 | D:7      | Noticed a gargoyle
  6626 | D:6      | Killed a brown ugly thing
  6627 | D:6      | Reached skill level 9 in Shields
  7122 | D:7      | Noticed a komodo dragon
  7145 | D:6      | Killed a komodo dragon
  7146 | D:6      | Reached XP level 10. HP: 67/79 MP: 10/10
  7245 | D:6      | Killed a boulder beetle
  7246 | D:6      | Reached skill level 5 in Maces & Flails
  7246 | D:6      | Reached skill level 10 in Shields
  7402 | D:7      | Found a transporter.
  7403 | D:7      | Noticed a moth of wrath
  7403 | D:7      | Noticed porpoise's ghost (novice DECj)
  7461 | D:7      | Killed a gargoyle
  7470 | D:7      | Killed a cyclops
  7470 | D:7      | Reached ** piety under Qazlal
  7597 | D:7      | Killed a boulder beetle
  7598 | D:7      | Reached skill level 5 in Fighting
  7598 | D:7      | Reached skill level 11 in Shields
  7823 | D:7      | Killed an unseen horror
  8101 | D:7      | Identified the ring of Egomania {Fly Stlth+}
  8101 | D:7      | Noticed a kobold demonologist
  8110 | D:7      | Killed a kobold demonologist
  8111 | D:7      | Reached XP level 11. HP: 72/88 MP: 11/11
  8190 | D:7      | Found an ancient bone altar of Kikubaaqudgha.
  8243 | D:7      | Found a shimmering altar of Xom.
  8506 | D:7      | Found a transporter.
  8735 | D:8      | Reached skill level 12 in Shields
  8747 | D:8      | Found a white marble altar of Elyvilon.
  8765 | D:8      | Found a sacrificial altar of Ru.
  8767 | D:8      | Found a runed translucent door.
  8780 | D:8      | Found a glowing silver altar of Zin.
  8820 | D:8      | Noticed a flayed ghost
  8820 | D:8      | Found the +8 longbow "Zephyr" {speed, Dex+3 SInv}
  8843 | D:8      | Found an ancient bone altar of Kikubaaqudgha.
  8863 | D:8      | Found a shimmering blue altar of Sif Muna.
  8872 | D:8      | Found an iron altar of Okawaru.
  8907 | D:8      | Found a hide-covered altar of Uskayaw.
  8911 | D:8      | Noticed a six-headed hydra
  8912 | D:8      | Noticed a two-headed ogre
  8918 | D:8      | Killed a six-headed hydra
  8944 | D:7      | HP: 2/89 [two-headed ogre (15)]
  9266 | D:7      | Killed a two-headed ogre
  9496 | D:8      | Reached *** piety under Qazlal
  9605 | D:8      | Found a roughly hewn altar of Beogh.
  9621 | D:8      | Found a snail-covered altar of Cheibriados.
  9640 | D:8      | Found Aqaac's Magic Scroll Boutique.
  9648 | D:8      | Bought a scroll of holy word for 90 gold pieces
  9648 | D:8      | Bought a scroll of enchant armour for 90 gold pieces
  9648 | D:8      | Bought a scroll of blinking for 90 gold pieces
  9865 | D:8      | Found a staircase to the Lair.
  9926 | D:8      | Found a blossoming altar of Fedhas.
 10154 | D:9      | Found Ryghir's Distillery.
 10664 | D:10     | Entered Level 10 of the Dungeon
 10678 | D:10     | Reached skill level 13 in Shields
 10836 | D:10     | Reached XP level 12. HP: 97/97 MP: 12/12
 10948 | D:10     | Found a shimmering blue altar of Sif Muna.
 11005 | D:10     | Reached skill level 10 in Maces & Flails
 11134 | D:10     | Found a staircase to the Orcish Mines.
 11501 | Orc:1    | Entered Level 1 of the Orcish Mines
 11511 | Orc:1    | Found Pecasiff's Jewellery Boutique.
 11581 | Orc:1    | Noticed an orc high priest
 11587 | Orc:1    | Reached **** piety under Qazlal
 11623 | D:10     | Killed an orc high priest
 11808 | Orc:1    | Found a roughly hewn altar of Beogh.
 11901 | Orc:2    | Entered Level 2 of the Orcish Mines
 11927 | Orc:2    | Noticed Donald
 12219 | D:10     | Reached skill level 14 in Shields
 12223 | D:10     | Killed Donald
 12613 | Orc:2    | Noticed an orc high priest
 12695 | Orc:2    | Noticed Urug
 12716 | Orc:2    | Noticed an orc warlord
 12718 | Orc:2    | Killed Urug
 12723 | Orc:2    | Killed an orc high priest
 12726 | Orc:1    | Found Lolod's Assorted Antiques.
 12937 | Orc:1    | Reached ***** piety under Qazlal
 12974 | Orc:1    | Bought a glowing cloak for 217 gold pieces
 12974 | Orc:1    | Bought a scroll labelled LEAWOTZ KOIMIE for 29 gold pieces
 13149 | Orc:2    | Found Osoqax's Book Boutique.
 13176 | Orc:2    | Reached XP level 13. HP: 89/107 MP: 13/13
 13180 | Orc:2    | Reached skill level 15 in Shields
 13245 | Orc:1    | Killed an orc warlord
 13302 | Orc:2    | Found a roughly hewn altar of Beogh.
 13322 | Orc:2    | Found Pum Yng's General Store.
 13396 | Orc:2    | Found Ucenoalul's Antique Armour Emporium.
 13437 | Orc:2    | Found a staircase to the Elven Halls.
 13539 | Orc:2    | Found Essu's Antique Weapon Emporium.
 13644 | Orc:2    | Found Xuifain's Book Emporium.
 13687 | Orc:1    | Bought the amulet "Feenile" {Reflect rCorr Str+2 Dex+4
                  | SH+5} for 828 gold pieces
 13750 | Lair:1   | Entered Level 1 of the Lair of Beasts
 14624 | Lair:2   | You are sucked into a shaft and drop 2 floors!
 14685 | Lair:4   | Reached skill level 10 in Armour
 14709 | Lair:4   | Reached skill level 16 in Shields
 15884 | Lair:5   | Found a staircase to the Slime Pits.
 16090 | Lair:5   | Reached XP level 14. HP: 103/116 MP: 14/14
 17066 | Lair:6   | Entered Level 6 of the Lair of Beasts
 17111 | Lair:5   | Reached ****** piety under Qazlal
 17112 | Lair:5   | Reached skill level 17 in Shields
 18116 | Lair:6   | Reached skill level 18 in Shields
 19101 | Slime:1  | Entered Level 1 of the Pits of Slime
 19108 | Slime:1  | Noticed a quicksilver ooze
 19110 | Slime:1  | Reached XP level 15. HP: 109/126 MP: 15/15
 19139 | Slime:1  | Noticed an acid blob
 19140 | Slime:1  | Noticed an azure jelly
 19151 | Lair:5   | Killed an azure jelly
 19152 | Lair:5   | Reached skill level 10 in Fighting
 19303 | Lair:5   | Killed an acid blob
 19686 | Slime:2  | Noticed an acid blob
 19715 | Slime:1  | Killed an acid blob
 19980 | Slime:2  | Noticed an acid blob
 20055 | Slime:2  | Noticed a rockslime
 20059 | Slime:2  | Killed an acid blob
 20091 | Slime:1  | Noticed an acid blob
 20092 | Slime:1  | Noticed a rockslime
 20092 | Slime:1  | Noticed a rockslime
 20101 | Slime:1  | Noticed an acid blob
 20108 | Slime:2  | Paralysed by a great orb of eyes for 4 turns
 20109 | Slime:2  | HP: 6/126 [rockslime (24)]
 20110 | Slime:2  | Annihilated by a rockslime

Illustrated notes

Levels and vault maps discovered:
D:1:      evilmike_arrival_crescent, layout_rooms,
          shapermc_ecumenical_altar_mp_vishouse, minmay_misc_feat_columns,
          lemuel_flame_loot_1
D:2:      minmay_razor_zed, layout_loops_corners, basic_altar
D:3:      layout_basic, general_overflow_altar
D:4:      layout_loops_ring, minmay_temple_entry_water_ring
D:5:      layout_cave_pools, grunt_gozag_breadcrumbs, kennysheep_generic_room_16
D:6:      layout_basic, grunt_ashenzari_visionary
          [grunt_ashenzari_visionary_shoals, grunt_ashenzari_visionary_snake],
          mainiacjoe_overflow_paths, gammafunk_temple_overflow_wave,
          minmay_increasing_density, uniq_grinder
D:7:      minmay_the_grid_octo_tiled_octocenter [minmay_the_grid_octo_pinwheel,
          minmay_the_grid_octo_concentric, minmay_the_grid_octo_clover_2,
          minmay_the_grid_octo_tetromino_candy,
          minmay_the_grid_octo_prize_single_spiral,
          minmay_the_grid_square_5x5_inset,
          minmay_the_grid_square_5x5_minivault, minmay_the_grid_square_5x5_two,
          minmay_the_grid_square_5x5_two_walls_b], layout_basic,
          kennysheep_vampire_church, mainiacjoe_overflow_boulevard,
          gammafunk_ghost_berserking_beasts
D:8:      due_megacathedral, layout_cave_pools,
          mainiacjoe_overflow_six_doors_small, amcnicky_altar_gilded,
          fedhas_altar_4, lair_entry_dummy, special_room [special_room_orc],
          serial_shops, shop
D:9:      layout_gridville, chequers_big_river, nicolae_take_the_stairs
D:10:     layout_stronghold, nicolae_sif_muna_condensation, orc_0_dummy
D:11:     layout_cave_pods, minmay_statues_item, uniq_harold
Temple:   zaba_magenta_temple
Lair:1:   layout_cave_pods, grunt_forest_large_clearings, grunt_megastairs_1
Lair:2:   layout_cave_pods
Lair:4:   layout_layer_cave, beast_lair_carwin_10
Lair:5:   layout_cave_pods, minmay_slime_entry_pillars,
          infiniplex_staircase_pool_2, lemuel_fruit_tree
Lair:6:   grunt_lair_end_beastmaster, layout_layer_cave,
          chequers_serial_rivers_micro_e, nicolae_lair_yak_garden,
          grunt_megastairs_2, serial_bayou_shore_b, infiniplex_staircase_pool
Slime:1:  layout_caves
Slime:2:  layout_caves, cheibrodos_slime_lost_civilization_5
Orc:1:    nicolae_orc_accident_2, layout_diamond_mine, serial_shops, shop,
          minmay_shop_enchanted_jewellery, nicolae_orc_pool_cavern,
          nicolae_orc_crystal_geode
Orc:2:    grunt_orc_cross, layout_caves, serial_shops, nicolae_shop_statue_plus,
          uniq_donald

Skill      XL: |  1  2  3  4  5  6  7  8  9 10 11 12 13 14 15 |
---------------+----------------------------------------------+-----
Axes           | 3 4 5 6 8 10 | 10.1
Shields        | 4 5 6 7 9 11 13 14 16 18 | 18.9
Armour         | 4 5 6 7 8 9 10 11 | 11.3
Maces & Flails | 4 7 9 11 12 13 14 | 14.0
Fighting       | 4 5 6 7 8 9 10 | 10.2

Action                   |  1- 3 |  4- 6 |  7- 9 | 10-12 | 13-15 || total
-------------------------+-------+-------+-------+-------+-------++-------
Melee: War axe           |    92 |   167 |   148 |       |       ||   407
       Mace              |       |       |    93 |   795 |   833 ||  1721
  Use: Scroll            |       |     8 |     9 |     9 |     7 ||    33
       Potion            |       |       |     5 |     6 |     3 ||    14
 Stab: Invisible         |       |       |       |     4 |       ||     4
       Petrified         |       |       |       |       |    18 ||    18
Armor: Scale mail        |    50 |    72 |    51 |       |       ||   173
       Crystal plate arm |       |       |    32 |   239 |   206 ||   477
Dodge: Dodged            |    35 |    49 |    32 |     7 |     9 ||   132
Block: Kite shield       |    47 |    94 |   308 |  1063 |  1172 ||  2684
       Reflection        |       |       |       |       |    12 ||    12
